 Dungeon Crawl Stone Soup version 0.30-a0-652-gcc886f7154 (webtiles) character file.

Game seed: 3939740443550354014

51 wormed the Trooper (level 3, 0/35 HPs)
             Began as a Draconian Wanderer on Jan 17, 2023.
             Succumbed to a kobold's poison
             ... on level 3 of the Dungeon.
             The game lasted 00:02:28 (1291 turns).

wormed the Trooper (Draconian Wanderer)             Turns: 1291, Time: 00:02:29

Health: 0/35       AC:  5    Str: 18    XL:     3   Next: 58%
Magic:  4/4        EV: 11    Int: 13    God:
Gold:   68         SH:  0    Dex:  7    Spells: 4/4 levels left

rFire   . . .      SeeInvis .      - Unarmed
rCold   . . .      Faith    .    (no shield)
rNeg    . . .      Spirit   .    (body armour unavailable)
rPois   .          Reflect  .    (helmet restricted)
rElec   .          Harm     .    (no cloak)
rCorr   .          Rampage  .    (no gloves)
Will    .....                    (no boots)
Stlth   +                        (no amulet)
HPRegen 0.25/turn                (no ring)
MPRegen 0.09/turn                (no ring)

@: lethally poisoned (0 -> -6), on berserk cooldown, slowed, very slow
A: AC +5, unfitting armour, cold-blooded
a: no special abilities


You were on level 3 of the Dungeon.
You visited 1 branch of the dungeon, and saw 3 of its levels.

You collected 68 gold pieces.

Inventory:

Magical Staves
 d - a staff of cold
Wands
 b - a wand of iceblast (3) (quivered)
Scrolls
 a - a scroll of identify


   Skills:
 + Level 4.8 Fighting
 - Level 1.0 Maces & Flails
 + Level 1.3 Dodging
 - Level 1.0 Stealth
 + Level 1.4 Unarmed Combat
 + Level 1.2 Spellcasting
 - Level 4.0 Evocations


You had 4 spell levels left.
You didn't know any spells.
Your spell library was empty.

Dungeon Overview and Level Annotations

Branches:
Dungeon (3/15)

Altars:

Shops:
D:3 *

Annotations:
D:2 Sigmund


Innate Abilities, Weirdness & Mutations

Your plain brown scales are hard. (AC +5)
You cannot fit into any form of body armour.
You are cold-blooded and may be slowed by cold attacks.


Message History

You are too injured to fight recklessly!
You are too injured to fight recklessly!
You are too injured to fight recklessly!
There is a lethal amount of poison in your body!
You barely miss the kobold.
You feel very sick. The kobold barely misses you.
As you read the scroll labelled NUAHIE SOSU, it crumbles to dust.
The scroll dissolves into smoke.
It was a scroll of fog.
* * * LOW HITPOINT WARNING * * *
You feel very sick. The kobold hits you but does no damage.
You are more poisoned.
Sorry, you're not good enough to have a special ability.
It was a potion of berserk rage.
A red film seems to cover your vision as you go berserk!
You feel yourself moving faster!
You feel mighty!
* * * LOW HITPOINT WARNING * * *
You feel very sick. The kobold barely misses you.
You hit the kobold.
You kill the kobold!
* * * LOW HITPOINT WARNING * * *
You feel sick.
There is a lethal amount of poison in your body!
* * * LOW HITPOINT WARNING * * *
You feel sick.
You feel a strong urge to attack something.
* * * LOW HITPOINT WARNING * * *
You feel sick.
* * * LOW HITPOINT WARNING * * *
You feel sick.
You feel your anger nearly subside.
* * * LOW HITPOINT WARNING * * *
You feel sick.
You see here 13 gold pieces.
You are no longer berserk.
You are exhausted.
You feel yourself slow down.
You die...

#.###.#.###.## #.#
##........ # ##'##
######.## #. ##§..##
##.## ##. ##§§§§.##
#...# . ...##.§§§§§§##
#.#.#.
...##.#....§§§§.##.#<..#
......$$$.§§§§..+.......
#.$@$.§§.§..####...#
......$$$..§§..## ##..#
##.######.....## ##.#
##...## #.# ##+## ..


There were no monsters in sight!

Vanquished Creatures
  2 dart slugs (D:1)
  3 bats
  An endoplasm (D:3)
  5 goblins
  7 hobgoblins
  7 jackals
  3 kobolds
  A quokka (D:1)
  2 ball pythons
  2 frilled lizards (D:2)
  9 rats
42 creatures vanquished.

Notes
Turn   | Place    | Note
-------+----------+-------------------------------------------
     0 | D:1      | wormed the Draconian Wanderer began the quest for the Orb.
     0 | D:1      | wormed set off with the following items: a +1 mace, a wand
                  | of iceblast (3), a potion of heal wounds.
     0 | D:1      | Reached XP level 1. HP: 22/22 MP: 1/1
   145 | D:1      | Reached XP level 2. HP: 23/28 MP: 2/2
   223 | D:1      | Reached skill level 1 in Unarmed Combat
   392 | D:1      | Reached skill level 1 in Dodging
   447 | D:1      | Reached skill level 1 in Spellcasting
   714 | D:1      | Reached XP level 3. HP: 29/34 MP: 4/4
   799 | D:2      | Noticed Sigmund
  1273 | D:3      | Found Lasyps's General Store.
  1289 | D:3      | HP: 2/52 [poisoned by a kobold]
  1291 | D:3      | Succumbed to a kobold's poison

Illustrated notes

Levels and vault maps discovered:
D:1:      scummos_arrival_star, layout_basic
D:2:      layout_loops_ring, hellmonk_ecumenical_altar_slurped_away,
          uniq_sigmund, uniq_crazy_yiuf_cottage, uniq_robin
D:3:      layout_loops_corners, serial_shops, nicolae_shop_hallway_stairs,
          shop_coins, uniq_ijyb, uniq_terence

Skill      XL: |  1  2 |
---------------+-------+-----
Unarmed Combat | 1 |  1.4
Dodging        | 1 |  1.3
Spellcasting   | 1 |  1.2
Fighting       | |  4.8
Maces & Flails | |  1.0
Stealth        | |  1.0
Evocations     | |  4.0

Action                   || total
-------------------------++-------
Melee: Unarmed           ||   222
       Tailslap          ||    16
       Punch             ||     2
  Use: Potion            ||     2
       Scroll            ||     2
 Stab: Sleeping          ||     1
Armor: Skin              ||    74
Dodge: Dodged            ||   147

Table legend: (Time is in decaauts)
 A = Elapsed time spent in this place.
 B = Non-inter-level travel time spent in this place.
 C = Inter-level travel time spent in this place.
 D = Time resting spent in this place.
 E = Time spent auto-exploring this place.
 F = Levels seen in this place.
 G = Mean time per level.
                   A        B        C        D        E       F      G
               +--------+--------+--------+--------+--------+-----+--------+
         Total |   1285 |   1242 |     43 |      0 |    863 |   3 |  428.3 |
       Dungeon |   1285 |   1242 |     43 |      0 |    863 |   3 |  428.3 |
               +--------+--------+--------+--------+--------+-----+--------+

Top non-repeatable levels by time:
     D:1: 806 daAuts
     D:3: 306 daAuts
     D:2: 173 daAuts
